 Dungeon Crawl Stone Soup version 0.25.0-9-g26727b657a (webtiles) character file.

Game seed: 5497534689517394554

106 theswoord the Slasher (level 4, -6/33 HPs)
             Began as a Demonspawn Gladiator on June 16, 2020.
             Killed by divine providence
             ... invoked by an orc priest
              (17 damage)
             ... on level 3 of the Dungeon.
             The game lasted 00:02:09 (2611 turns).

theswoord the Slasher (Demonspawn Gladiator)        Turns: 2611, Time: 00:02:10

Health: -6/33      AC: 11    Str: 16    XL:     4   Next: 55%
Magic:  4/4        EV: 10    Int:  9    God:
Gold:   140        SH:  0    Dex: 14    Spells: 3/3 levels left

rFire    . . .     SeeInvis .   a - +0 long sword
rCold    . . .     Gourm    .   (no shield)
rNeg     . . .     Faith    .   n - +0 scale mail
rPois    .         Spirit   .   c - +0 helmet
rElec    .         Reflect  .   e - +1 cloak
rCorr    .         Harm     .   (no gloves)
MR       .....                  (no boots)
Stlth    ..........             (no amulet)
HPRegen  0.11/turn              (no ring)
MPRegen  0.09/turn              (no ring)

@: no status effects
A: molten scales 1, powered by pain 1, rot immunity
a: no special abilities


You were on level 3 of the Dungeon.
You were hungry.

You visited 1 branch of the dungeon, and saw 3 of its levels.

You collected 140 gold pieces.

Inventory:

Hand Weapons
 a - a +0 long sword (weapon)
Missiles
 d - 3 throwing nets (quivered)
Armour
 b - a +0 leather armour
 c - a +0 helmet (worn)
 e - a +1 cloak (worn)
 n - a +0 scale mail (worn)
 u - a +2 pair of boots of running
Scrolls
 g - a scroll of random uselessness {unknown}
 h - 3 scrolls of identify {unknown}
 i - a scroll of amnesia {unknown}
 l - a scroll of fog {unknown}
 o - a scroll of teleportation {unknown}
 p - 2 scrolls of remove curse {unknown}
 q - a scroll of enchant weapon {unknown}
 t - a scroll of noise {unknown}
Potions
 j - 3 potions of flight {unknown}
 k - a potion of cancellation {unknown}
 m - a potion of haste {unknown}
 r - a potion of invisibility {unknown}
Comestibles
 f - 6 rations
 s - a chunk of flesh


   Skills:
 - Level 2.0 Fighting
 + Level 4.9 Long Blades
 - Level 1.7 Throwing
 - Level 2.6 Dodging


You had 3 spell levels left.
You didn't know any spells.
Your spell library was empty.

Dungeon Overview and Level Annotations

Branches:
Dungeon (3/15)

Altars:
Qazlal
Sif Muna


Innate Abilities, Weirdness & Mutations

You are partially covered in molten scales. (AC +2)
You sometimes gain a little power by taking damage.
You are immune to rotting.


Message History

The orc priest mumbles some strange prayers to Beogh against you.
Beogh smites you!
* * * LOW HITPOINT WARNING * * *
You barely miss the orc.
The orc is moderately wounded.
The orc closely misses you.
You closely miss the orc.
The orc is moderately wounded.
The orc hits you but does no damage.
The orc priest hits you but does no damage.
The orc hits you but does no damage.
You slash the orc!
You kill the orc!
The orc priest hits you but does no damage.
The orc barely misses you.
You riposte.
You barely miss the orc. You barely miss the orc priest.
The orc priest mumbles some strange prayers to Beogh against you.
Beogh smites you!
Ouch! That really hurt!
You die...

#.# ##.....## ###.#
##.......## ##.#.#
#.........####....###
+.........+..........
#.........####....###
#.......# ##.#.#
#.oo..# #####.###
#@..# #........ ##'##
#.###.### #.### #.#
#.# # ##...# #.# #.#
# ##.###.## #.###.###
#.## #.###........
#.# #.......).###
#.## ##.#########
###[##.###.##


You could see an orc priest and an orc.

Vanquished Creatures
  A worker ant (D:2)
  3 adders
  An ooze (D:1)
  3 orcs (D:3)
  4 giant cockroaches
  3 goblins
  4 hobgoblins
  3 jackals (D:1)
  3 kobolds (D:3)
  A quokka (D:3)
  8 bats
  5 frilled lizards
  7 rats
46 creatures vanquished.

Notes
Turn   | Place    | Note
-------+----------+-------------------------------------------
     0 | D:1      | theswoord the Demonspawn Gladiator began the quest for the
                  | Orb.
     0 | D:1      | Reached XP level 1. HP: 16/16 MP: 1/1
   248 | D:1      | Reached skill level 3 in Long Blades
   248 | D:1      | Gained mutation: You are partially covered in molten
                  | scales. (AC +2) [demonic ancestry]
   248 | D:1      | Reached XP level 2. HP: 11/22 MP: 2/2
  1150 | D:2      | Reached skill level 4 in Long Blades
  1150 | D:2      | Gained mutation: You are immune to rotting. [demonic
                  | ancestry]
  1150 | D:2      | Reached XP level 3. HP: 11/27 MP: 3/3
  1751 | D:2      | Gained mutation: You sometimes gain a little power by
                  | taking damage. [demonic ancestry]
  1751 | D:2      | Reached XP level 4. HP: 31/33 MP: 4/4
  2267 | D:3      | Found a shimmering blue altar of Sif Muna.
  2485 | D:3      | Found a stormy altar of Qazlal.
  2611 | D:3      | Killed from afar by an orc priest

Skill      XL: |  1  2 |
---------------+-------+-----
Long Blades    | 3 4 |  4.9
Fighting       | |  2.0
Throwing       | |  1.7
Dodging        | |  2.6

Action                   |  1- 3 |  4- 6 || total
-------------------------+-------+-------++-------
Melee: Long sword        |    91 |    52 ||   143
  Eat: Chunk             |     3 |     2 ||     5
Armor: Leather armour    |    28 |       ||    28
       Scale mail        |    20 |    35 ||    55
Dodge: Dodged            |    72 |    29 ||   101
       Rpst.: Long sword |    26 |     9 ||    35

Levels and vault maps discovered:
D:1:      nicolae_arrival_somewhat_less_tricky_arrival, layout_loops_ring,
          hangedman_decor_growths
D:2:      layout_loops_ring
D:3:      layout_loops_corners, lemuel_round_altar,
          nicolae_overflow_hidden_temple
